[Event "Susha Chess Rapid 2022"]
[Site "Shusha"]
[Date "2022.09.23"]
[Round "9.2"]
[White "Maghsoodloo, Parham"]
[Black "Yilmaz, Mustafa"]
[Result "1-0"]
[ECO "C88"]
[WhiteElo "2721"]
[BlackElo "2633"]
[Annotator "TA"]
[PlyCount "73"]
[EventDate "2022.09.21"]
[EventType "tourn"]
[EventCountry "AZE"]
[SourceTitle "playchess.com"]
[Source "ChessBase"]
[SourceQuality "1"]
[TimeControl "900+10"]

1. e4 e5 2. Nf3 Nc6 3. Bb5 a6 4. Ba4 Nf6 5. O-O Be7 6. Re1 b5 7. Bb3 O-O 8. h3 Bb7 9. d3 d5 10. exd5 Nxd5 11. Nxe5 Nxe5 {[%emt 0:00:02] is more profitable than 11...Nd4 at the moment.} 12. Rxe5 Qd6 {[%emt 0:00:01] C88: Closed Ruy Lopez: Anti-Marshall Systems.} 13. Re1 Rae8 14. Nd2 c5 {[%emt 0:00:05] White has an edge.} 15. Ne4 Qc6 {[%emt 0:00:04] ...c4 is the strong threat.} 16. c4 Nb6 {[%emt 0:00:01] White must now prevent ...bxc4.} 17. f3 Bh4 {[%emt 0:00:03] aiming for ...bxc4.} 18. Re2 Qc7 {[%emt 0:01:14] Against Bf4} 19. Qf1 bxc4 20. dxc4 Bxe4 {[%emt 0:01:00] [#]} 21. fxe4 $146 ({Predecessor:} 21. Rxe4 Rxe4 22. fxe4 Bf6 23. Rb1 Bd4+ 24. Kh1 Nd7 25. Bf4 Ne5 26. Qe1 Rb8 27. Rd1 a5 28. Qg3 f6 29. Be3 Bxe3 30. Qxe3 a4 31. Bxa4 Rxb2 32. Bb3 h6 {½-½ (32) Firnhaber,I (2469)-Laube,B (2397) ICCF email 2019}) 21... Bf6 22. Bf4 Bd4+ 23. Kh1 Be5 24. Bxe5 Qxe5 25. Rd1 a5 ({But not} 25... f5 26. Bc2 $16) 26. a4 Re7 27. Qe1 Ra8 28. Red2 Qc7 {[%emt 0:00:47] Prevents Rd8+.} 29. e5 (29. Rd6 $14 Nd7 30. Bc2) 29... Nd7 30. Bc2 g6 31. Qe4 (31. Be4 $11 Rae8 32. e6) 31... Rae8 $15 32. e6 Nf6 (32... f5 $5 33. Qd5 Nb6 $15) 33. exf7+ Rxf7 34. Qh4 Nh5 35. Rd6 Re2 $2 {[%emt 0:00:29][%mdl 8192] [#]} (35... Rf1+ $11 36. Rxf1 Qxd6) 36. Bxg6 $1 $18 hxg6 37. Rxg6+ {[%emt 0:00:02] Weighted Error Value: White=0.12 (very precise) /Black=0.11 (very precise)} 1-0

[Event "Susha Chess Rapid 2022"]
[Site "Shusha"]
[Date "2022.09.23"]
[Round "9.4"]
[White "Mamedov, Rauf"]
[Black "Durarbayli, Vasif"]
[Result "1/2-1/2"]
[ECO "B22"]
[WhiteElo "2646"]
[BlackElo "2628"]
[Annotator "TA"]
[PlyCount "107"]
[EventDate "2022.09.21"]
[EventType "tourn"]
[EventCountry "AZE"]
[SourceTitle "playchess.com"]
[Source "ChessBase"]
[SourceQuality "1"]
[TimeControl "900+10"]

1. e4 c5 2. c3 Nf6 3. e5 Nd5 4. Bc4 Nb6 5. Bb3 c4 6. Bc2 Nc6 7. Nf3 d5 8. exd6 Qxd6 9. O-O g6 {[%emt 0:00:01] B22: Sicilian: 2 c3.} 10. b3 Bg7 11. Na3 Be6 12. Qe2 cxb3 13. axb3 O-O 14. Nc4 {[%emt 0:00:18] [#]} Qc7 $146 ({Predecessor:} 14... Nxc4 15. bxc4 Ne5 16. Nxe5 Qxe5 17. Qxe5 Bxe5 18. Re1 Bd6 19. Be4 Bxc4 20. Bxb7 Rab8 {½-½ (36) Zvjaginsev,V (2655)-Nepomniachtchi,I (2714) Kazan 2014}) 15. Nxb6 (15. Ng5 $11) 15... axb6 $15 16. Rxa8 Rxa8 17. d4 Bd5 ({Reject} 17... Ra2 18. Qd1 $11) 18. Be3 Ra2 19. Qd1 Bxf3 20. gxf3 e6 21. Bb1 Ra5 22. f4 Rh5 (22... Bh6 $5 23. Qf3 Ra3 $15) 23. Be4 b5 24. Qf3 b4 25. Bxc6 bxc6 26. cxb4 Rd5 27. Rc1 Qb6 {[%emt 0:01:06][%mdl 1024] Black has compensation.} 28. Rc4 h5 29. Qe4 Qa6 30. Kg2 h4 31. h3 Bf8 32. Qc2 Qb7 33. Rxc6 Rd6 34. b5 Qxb5 35. Rc8 Qd5+ 36. Kh2 Rd8 37. Rxd8 Qxd8 $11 {[%emt 0:00:01][%mdl 4096] Endgame KQB-KQB} 38. Qc6 Kg7 39. Bd2 Qb8 (39... Kg8 $11 {keeps the balance.}) 40. d5 $16 Qxb3 $2 (40... Kg8 $16) 41. d6 $18 Qa2 42. Qc3+ (42. Be3 $18) 42... Kh7 $16 {[%emt 0:00:01] [#]} 43. d7 (43. Be3 $1 $16 {Strongly threatening Qf6.} Qd5 44. Qf6 Qxd6 45. Bd4 (45. Qxf7+ Bg7 $11)) 43... Be7 {[%emt 0:00:00][%mdl 8192] [#] Against Qf6} (43... Qa7 $1 $11 {and Black is okay.}) 44. Qd4 $2 (44. Qa5 $1 $18 Qd5 45. Qxd5 exd5 46. Ba5) 44... Bd8 $1 $11 {[%emt 0:00:09] The position is equal.} 45. Bc3 f6 46. Qc5 Qd5 47. Qc8 Qf3 48. Bd4 {[%emt 0:00:28] Be3 is the strong threat.} Qxf4+ 49. Kg1 Qxd4 50. Qxd8 {[%emt 0:00:01] White wants to mate with Qe7+.} Qd1+ 51. Kh2 Qd6+ 52. Kh1 Qd1+ 53. Kg2 {[%emt 0:00:01] Intending Qe7+ and mate.} Qd5+ 54. Kg1 {[%emt 0:00:01] Weighted Error Value: White=0.30/Black=0.31} 1/2-1/2

[Event "Susha Chess Rapid 2022"]
[Site "Shusha"]
[Date "2022.09.23"]
[Round "9.5"]
[White "Guseinov, Gadir"]
[Black "Kasimdzhanov, Rustam"]
[Result "1/2-1/2"]
[ECO "C68"]
[WhiteElo "2661"]
[BlackElo "2670"]
[Annotator "TA"]
[PlyCount "69"]
[EventDate "2022.09.21"]
[EventType "tourn"]
[EventCountry "AZE"]
[SourceTitle "playchess.com"]
[Source "ChessBase"]
[SourceQuality "1"]
[TimeControl "900+10"]

1. e4 e5 2. Nf3 Nc6 3. Bb5 a6 4. Bxc6 dxc6 5. O-O f6 6. d4 exd4 7. Nxd4 c5 8. Nb3 Qxd1 9. Rxd1 Bg4 10. f3 Be6 11. Bf4 c4 12. Nd4 O-O-O 13. Nc3 Bc5 14. Be3 {[%emt 0:00:03] C69: Ruy Lopez: Exchange Variation with 5 0-0 f6.} Bxd4 15. Bxd4 Ne7 16. Kf2 {[%emt 0:00:22] The position is equal.} Nc6 17. Be3 {[%emt 0:00:02] [#]} b6 $146 ({Predecessor:} 17... Rxd1 18. Rxd1 Rd8 19. Rxd8+ Kxd8 20. a3 Kd7 21. g4 b5 22. Bc5 g6 23. Ke3 Nd8 {½-½ (84) Womacka,M (2467)-Gregorova,Z (2164) Banska Stiavnica 2007}) 18. a3 f5 19. Rxd8+ Rxd8 20. Rd1 Rxd1 21. Nxd1 fxe4 22. fxe4 $11 {[%emt 0:00:01][%mdl 4096] Endgame KBN-KBN} Kd7 23. Kg3 Bf7 24. Nc3 b5 25. Bc5 Nd8 26. Bd4 Ne6 27. Be5 Bh5 28. Kf2 c6 29. h3 a5 30. g4 Bf7 31. Ke3 h5 32. Ne2 hxg4 33. hxg4 c5 34. Nf4 Nxf4 35. Kxf4 {A rather calm draw.  Weighted Error Value: White=0.03 (flawless) /Black=0.04 (flawless)} 1/2-1/2